 Dungeon Crawl Stone Soup version 0.26.1-2-gb8aa6d0cf2 (webtiles) character file.

Game seed: 13672813811677114414

135 windgrace the Conjurer (level 5, -3/33 HPs)
             Began as an Octopode Conjurer on Feb 12, 2021.
             Killed by divine providence
             ... invoked by an orc priest
              (12 damage)
             ... on level 2 of the Dungeon.
             The game lasted 00:11:05 (2801 turns).

windgrace the Conjurer (Octopode Conjurer)          Turns: 2801, Time: 00:11:06

Health: -3/33      AC:  1    Str:  7    XL:     5   Next: 18%
Magic:  3/11       EV: 13    Int: 21    God:
Gold:   73         SH:  0    Dex: 10    Spells: 2/12 levels left

rFire    . . .     SeeInvis .   g - +4 mace
rCold    . . .     Faith    .   (no shield)
rNeg     . . .     Spirit   .   (helmet restricted)
rPois    .         Reflect  .   (no amulet)
rElec    .         Harm     .   (no ring)
rCorr    .         Rampage  .   (no ring)
Will     .....                  (no ring)
Stlth    +++.......             (no ring)
HPRegen  0.11/turn              (no ring)
MPRegen  0.12/turn              (no ring)
                                (no ring)
                                (no ring)

@: no status effects
A: almost no armour, stealthy swim, amphibious, 8 rings, constrict 8, camouflage
1, gelatinous body 1
a: no special abilities


You were on level 2 of the Dungeon.
You visited 1 branch of the dungeon, and saw 2 of its levels.

You collected 73 gold pieces.

Inventory:

Hand Weapons
 g - a +4 mace (weapon)
Scrolls
 b - 2 scrolls of remove curse {unknown}
 c - a scroll of identify {unknown}
 d - a scroll of noise {unknown}
 e - a scroll of random uselessness {unknown}
 k - a scroll of blinking {unknown}
 n - 2 scrolls of magic mapping {unknown}
Potions
 a - a potion of mutation {unknown}
 f - a potion of haste {unknown}
 h - a potion of ambrosia {unknown}
 i - 2 potions of berserk rage {unknown}
 j - 2 potions of curing
 l - a potion of invisibility {unknown}
 m - a potion of attraction {unknown}


   Skills:
 + Level 1.6 Fighting
 + Level 1.9 Maces & Flails
 - Level 2.0 Dodging
 - Level 2.6 Stealth
 - Level 4.0 Spellcasting
 - Level 4.0 Conjurations


You had 2 spell levels left.
You knew the following spells:

 Your Spells              Type           Power        Failure   Level
a - Magic Dart            Conj           84%          2%          1
b - Searing Ray           Conj           42%          3%          2
c - Dazzling Flash        Conj/Hex       24%          16%         3
d - Iskenderun's Mystic   Conj/Tloc      12%          45%         4

Your spell library contained the following spells:

 Spells                   Type           Power        Failure   Level
 Fulminant Prism          Conj/Hex       6%           45%         4


Dungeon Overview and Level Annotations

Branches:
Dungeon (2/15)

Altars:


Innate Abilities, Weirdness & Mutations

You cannot wear most types of armour.
You are very stealthy in the water. (Stealth+)
You are amphibious.
You can wear up to eight rings at the same time.
You can use your tentacles to constrict eight enemies at once.
Your skin changes colour to match your surroundings (Stealth+).
Your rubbery body absorbs attacks. (AC +1, EV +1)


Message History

Your Spellcasting skill increases to level 4!
You have reached level 5!
You feel stronger.
Casting: Searing Ray (safe; 3% risk of failure)
Confirm with . or Enter, or press ? or * to list all spells.
Aiming: Magic Dart (safe; 2% risk of failure)
Press: ? - help, Shift-Dir - straight line, f - orc priest
Aim: an orc priest, wielding a +0 whip (0% to evade)
The magic dart hits the orc priest.
The orc priest is moderately wounded.
The orc priest mumbles some strange prayers to Beogh against you.
Pain shoots through your body!
The orc priest calls down the wrath of Beogh upon you.
Beogh smites you!
* * * LOW HITPOINT WARNING * * *
The orc priest mumbles some strange prayers to Beogh against you.
You barely resist.
The orc priest mumbles some strange prayers to Beogh against you.
Beogh smites you!
You die...

###......##.# ##...#
#...... .........##.#
##(...# ####.##
###.###.....#####....)#
#......
###.####.####.........#
#.##.#. #..<.....#
#.###..)).# #.##.#.
#.#.######
#.####o..######.##...
..#.#
#####.##.........##.####.
....#
#...#.##.##..###.##...##.
#####
#<#...(.@##...##....#....
#............######...###
##.....#####># ##.##
###...# #.# #.# ##.## ...
#.# #.# .... ####.###
##.## .....#......# #...#
......#.##.#.# #...#
....#.##.#.#


You could see an orc priest.

Vanquished Creatures
  An orc wizard (D:2)
  Natasha (D:2)
  4 adders (D:2)
  An adder skeleton (D:2)
  A dart slug (D:1)
  2 orcs (D:2)
  4 bats
  A giant cockroach (D:2)
  8 goblins
  6 hobgoblins
  6 kobolds
  A quokka (D:2)
  5 rats
41 creatures vanquished.

Notes
Turn   | Place    | Note
-------+----------+-------------------------------------------
     0 | D:1      | windgrace the Octopode Conjurer began the quest for the
                  | Orb.
     0 | D:1      | Reached XP level 1. HP: 11/11 MP: 3/3
   250 | D:1      | Reached XP level 2. HP: 16/17 MP: 1/5
   465 | D:1      | Learned a level 2 spell: Searing Ray
  1043 | D:1      | Reached XP level 3. HP: 21/21 MP: 4/7
  2104 | D:2      | Reached XP level 4. HP: 27/27 MP: 5/9
  2145 | D:2      | Learned a level 3 spell: Dazzling Flash
  2150 | D:2      | Learned a level 4 spell: Iskenderun's Mystic Blast
  2154 | D:2      | Reached skill level 1 in Fighting
  2263 | D:2      | Noticed Natasha
  2269 | D:2      | Killed Natasha
  2270 | D:2      | Reached skill level 1 in Maces & Flails
  2781 | D:2      | Reached XP level 5. HP: 33/33 MP: 1/11
  2801 | D:2      | Killed from afar by an orc priest

Illustrated notes

Levels and vault maps discovered:
D:1:      dpeg_arrival_erosion, layout_basic, minmay_tetromino_l4
D:2:      layout_loops_cross, uniq_natasha

Skill      XL: |  1  2  3  4 |
---------------+-------------+-----
Spellcasting   | 3 4 |  4.0
Fighting       | 1 |  1.6
Maces & Flails | 1 |  1.9
Dodging        | |  2.0
Stealth        | |  2.6
Conjurations   | |  4.0

Action                   |  1- 3 |  4- 6 || total
-------------------------+-------+-------++-------
Melee: Unarmed           |    30 |       ||    30
       Constrict         |     9 |       ||     9
       Tentacles         |     6 |       ||     6
       Mace              |     7 |     2 ||     9
 Cast: Magic Dart        |    57 |    12 ||    69
       Searing Ray       |       |     6 ||     6
       Dazzling Flash    |       |     1 ||     1
 Stab: Invisible         |       |     1 ||     1
Armor: Skin              |     5 |       ||     5
Dodge: Dodged            |    24 |     7 ||    31
